TOP OF THE 1ST |
Calgary Cowboys batting - Pitching for Santa Monica Bruins : LHP Juan Barrera
|
Pitching: LHP Juan Barrera
|
|
Batting: RHB Luis Peña
|
0-0: Ball 1-0: Ball 2-0: Foul Ball, location: 2F 2-1: SINGLE (Flyball, 8RS)
|
Batting: RHB Mike Wilcox
|
0-0: Ball 1-0: Called Strike 1-1: SINGLE (Line Drive, 6MD) Luis Peña to second
|
Batting: RHB Dan Wyatt
|
0-0: Ball 1-0: Ball 2-0: SINGLE (Groundball, 56D) Luis Peña to third Mike Wilcox to second
|
Batting: RHB Ramón Martínez
|
0-0: Called Strike 0-1: Called Strike 0-2: Strikes out swinging
|
Batting: RHB Cristián Peña
|
0-0: Ball 1-0: Ball 2-0: Foul Ball, location: 2F 2-1: SINGLE (Flyball, 4MD) Luis Peña scores Mike Wilcox to third Dan Wyatt to second Runner from 3rd tries for Home, SAFE, no throw or cutoff
|
Batting: RHB Mario Sánchez
|
0-0: Called Strike 0-1: Swinging Strike 0-2: Strikes out looking
|
Batting: LHB Freddy Herrera
|
0-0: Ball 1-0: Ball 2-0: Called Strike 2-1: Fly out, F4 (Line Drive, 4)
|
Top of the 1st over - 2 run(s), 4 hit(s), 0 error(s), 2 left on base; Calgary 2 - Santa Monica 0 |
BOTTOM OF THE 1ST |
Santa Monica Bruins batting - Pitching for Calgary Cowboys : RHP Arthur Benson
|
Pitching: RHP Arthur Benson
|
|
Batting: RHB Alonso Sánchez
|
0-0: Ball 1-0: Called Strike 1-1: Ball 2-1: Foul Ball, location: 2F 2-2: Strikes out swinging
|
Batting: RHB Mark Hosley
|
0-0: Fly out, F8 (Flyball, 8LM)
|
Batting: RHB Javier Deleón
|
0-0: Ball 1-0: Ball 2-0: Called Strike 2-1: Ball 3-1: Ground out 6-3 (Groundball, 6S)
|
Bottom of the 1st over - 0 run(s), 0 hit(s), 0 error(s), 0 left on base; Calgary 2 - Santa Monica 0 |
TOP OF THE 2ND |
Calgary Cowboys batting - Pitching for Santa Monica Bruins : LHP Juan Barrera
|
Batting: RHB Jesús Hernández
|
0-0: Ball 1-0: Called Strike 1-1: Ball 2-1: Ground out 6-3 (Groundball, 6)
|
Batting: RHB Tom Yarbrough
|
0-0: Ball 1-0: Ball 2-0: Fly out, F3 (Line Drive, 3)
|
Batting: RHB Luis Peña
|
0-0: Fly out, F7 (Flyball, 78XD)
|
Top of the 2nd over - 0 run(s), 0 hit(s), 0 error(s), 0 left on base; Calgary 2 - Santa Monica 0 |
BOTTOM OF THE 2ND |
Santa Monica Bruins batting - Pitching for Calgary Cowboys : RHP Arthur Benson
|
Batting: LHB Ken Poche
|
0-0: Called Strike 0-1: Swinging Strike 0-2: Strikes out swinging
|
Batting: RHB Salvador Salas
|
0-0: Ball 1-0: Ball 2-0: Ball 3-0: Called Strike 3-1: Base on Balls
|
Batting: RHB Pablo Peña
|
0-0: Ball 1-0: Foul Ball, location: 2F 1-1: Foul Ball, location: 2F 1-2: Ball 2-2: Strikes out swinging
|
Batting: RHB Jorge Gutiérrez
|
0-0: Ball 1-0: Ball 2-0: Ball 3-0: Base on Balls Salvador Salas to second
|
Batting: RHB Armando Méndez
|
0-0: Swinging Strike 0-1: Fly out, F8 (Line Drive, 8RM)
|
Bottom of the 2nd over - 0 run(s), 0 hit(s), 0 error(s), 2 left on base; Calgary 2 - Santa Monica 0 |
TOP OF THE 3RD |
Calgary Cowboys batting - Pitching for Santa Monica Bruins : LHP Juan Barrera
|
Batting: RHB Mike Wilcox
|
0-0: Foul Ball, location: 2F 0-1: SINGLE (Line Drive, 56D)
|
Batting: RHB Dan Wyatt
|
0-0: Foul Ball, location: 2F 0-1: Ball 1-1: Ball 2-1: DOUBLE (Flyball, 8LXD) Mike Wilcox to third
|
Batting: RHB Ramón Martínez
|
0-0: Ball Reached via error on a dropped throw, E1 Mike Wilcox scores Dan Wyatt to third
|
Batting: RHB Cristián Peña
|
0-0: Called Strike 0-1: Ball 1-1: Foul Ball, location: 2F 1-2: 3-RUN HOME RUN (Flyball, 8LXD), Distance : 421 ft
|
Batting: RHB Mario Sánchez
|
0-0: Ball 1-0: Foul Ball, location: 2F 1-1: Bunted foul 1-2: Strikes out looking
|
Batting: LHB Freddy Herrera
|
0-0: Called Strike 0-1: Foul Ball, location: 2F 0-2: Ball 1-2: Strikes out looking
|
Batting: RHB Jesús Hernández
|
0-0: Called Strike 0-1: Foul Ball, location: 2F 0-2: Foul Ball, location: 2F 0-2: Ball 1-2: Ball 2-2: Strikes out swinging
|
Top of the 3rd over - 4 run(s), 3 hit(s), 1 error(s), 0 left on base; Calgary 6 - Santa Monica 0 |
BOTTOM OF THE 3RD |
Santa Monica Bruins batting - Pitching for Calgary Cowboys : RHP Arthur Benson
|
Batting: RHB Don Keating
|
0-0: Called Strike 0-1: Ground out 5-3 (Groundball, 5S)
|
Batting: RHB Alonso Sánchez
|
0-0: Ball 1-0: Called Strike 1-1: Ball 2-1: SINGLE (Line Drive, 56)
|
Batting: RHB Mark Hosley
|
0-0: Called Strike 0-1: Ball 1-1: Called Strike 1-2: Ball 2-2: Strikes out swinging
|
Batting: RHB Javier Deleón
|
0-0: Called Strike 0-1: Ball 1-1: Ball 2-1: Called Strike 2-2: Strikes out swinging
|
Bottom of the 3rd over - 0 run(s), 1 hit(s), 0 error(s), 1 left on base; Calgary 6 - Santa Monica 0 |
TOP OF THE 4TH |
Calgary Cowboys batting - Pitching for Santa Monica Bruins : LHP Juan Barrera
|
Pitching: LHP Yasuyuki Ishii
|
|
Batting: RHB Tom Yarbrough
|
0-0: Called Strike 0-1: Foul Ball, location: 2F 0-2: Ball 1-2: SINGLE (Groundball, 4D)
|
Batting: RHB Luis Peña
|
0-0: Called Strike 0-1: Ball 1-1: Foul Ball, location: 2F 1-2: Grounds into double play, 5-4-3 (Groundball, 5L)
|
Batting: RHB Mike Wilcox
|
0-0: Called Strike 0-1: Ball 1-1: Ball 2-1: Ball 3-1: Swinging Strike 3-2: Strikes out looking
|
Top of the 4th over - 0 run(s), 1 hit(s), 0 error(s), 0 left on base; Calgary 6 - Santa Monica 0 |
BOTTOM OF THE 4TH |
Santa Monica Bruins batting - Pitching for Calgary Cowboys : RHP Arthur Benson
|
Batting: LHB Ken Poche
|
0-0: Foul Ball, location: 2F 0-1: Ball 1-1: Ball 2-1: Ball 3-1: Base on Balls
|
Batting: RHB Salvador Salas
|
0-0: Ball 1-0: Swinging Strike 1-1: Ball Wild Pitch! Ken Poche to second 2-1: Ball 3-1: Foul Ball, location: 2F 3-2: Ground out 5-3 (Groundball, 56)
|
Batting: RHB Pablo Peña
|
0-0: Swinging Strike 0-1: Swinging Strike 0-2: Strikes out swinging
|
Batting: RHB Jorge Gutiérrez
|
0-0: Ball 1-0: Ball 2-0: Swinging Strike 2-1: Foul Ball, location: 2F 2-2: SINGLE (Line Drive, 78S) Ken Poche to third Runner from 3rd tries for Home, SAFE, no throw or cutoff
|
Batting: RHB Armando Méndez
|
0-0: Called Strike 0-1: SINGLE (Flyball, 4MD) Jorge Gutiérrez to second
|
Batting: RHB Don Keating
|
0-0: Ball 1-0: Ball 2-0: Ball 3-0: Base on Balls Jorge Gutiérrez to third Armando Méndez to second
|
Batting: RHB Alonso Sánchez
|
0-0: Ball 1-0: Ball 2-0: GRAND SLAM HOME RUN (Flyball, 8LXD), Distance : 438 ft
|
Batting: RHB Mark Hosley
|
0-0: Called Strike 0-1: Foul Ball, location: 2F 0-2: Strikes out swinging
|
Bottom of the 4th over - 5 run(s), 3 hit(s), 0 error(s), 0 left on base; Calgary 6 - Santa Monica 5 |
TOP OF THE 5TH |
Calgary Cowboys batting - Pitching for Santa Monica Bruins : LHP Yasuyuki Ishii
|
Batting: RHB Dan Wyatt
|
0-0: SOLO HOME RUN (Flyball, 78XD), Distance : 424 ft
|
Batting: RHB Ramón Martínez
|
0-0: Called Strike 0-1: Called Strike 0-2: Ball 1-2: Fly out, F4 (Popup, 4)
|
Batting: RHB Cristián Peña
|
0-0: Swinging Strike 0-1: Swinging Strike 0-2: Strikes out looking
|
Batting: RHB Mario Sánchez
|
0-0: SINGLE (Line Drive, 89M)
|
Batting: LHB Freddy Herrera
|
0-0: Ball 1-0: Ball 2-0: SINGLE (Groundball, 34D) (infield hit) Mario Sánchez to second
|
Batting: RHB Jesús Hernández
|
0-0: Ball 1-0: Called Strike 1-1: Swinging Strike 1-2: Ground out 6-3 (Groundball, 6)
|
Top of the 5th over - 1 run(s), 3 hit(s), 0 error(s), 2 left on base; Calgary 7 - Santa Monica 5 |
BOTTOM OF THE 5TH |
Santa Monica Bruins batting - Pitching for Calgary Cowboys : RHP Arthur Benson
|
Batting: RHB Javier Deleón
|
0-0: SOLO HOME RUN (Flyball, 78XD), Distance : 413 ft
|
Batting: LHB Ken Poche
|
0-0: Ball 1-0: Foul Ball, location: 2F 1-1: Swinging Strike 1-2: Foul Ball, location: 2F 1-2: SOLO HOME RUN (Flyball, 7LD), Distance : 338 ft
|
Pitching: RHP Nick Ruby
|
|
Batting: RHB Salvador Salas
|
0-0: Ball 1-0: Ball 2-0: Ground out 5-3 (Groundball, 5L)
|
Batting: RHB Pablo Peña
|
0-0: Ball 1-0: Ball 2-0: Ball 3-0: Base on Balls
|
Batting: RHB Jorge Gutiérrez
|
0-0: Called Strike 0-1: Ball 1-1: 2-RUN HOME RUN (Flyball, 89XD), Distance : 417 ft
|
Batting: RHB Armando Méndez
|
0-0: Ground out 6-3 (Groundball, 6M)
|
Batting: RHB Don Keating
|
0-0: Ball 1-0: Ball 2-0: Called Strike 2-1: Ball 3-1: Swinging Strike 3-2: SINGLE (Line Drive, 78S)
|
Batting: RHB Alonso Sánchez
|
0-0: Swinging Strike 0-1: Ball Don Keating steals 2nd base 1-1: Ball 2-1: Fly out, F7 (Flyball, 78D)
|
Bottom of the 5th over - 4 run(s), 4 hit(s), 0 error(s), 1 left on base; Calgary 7 - Santa Monica 9 |
TOP OF THE 6TH |
Calgary Cowboys batting - Pitching for Santa Monica Bruins : LHP Yasuyuki Ishii
|
Batting: RHB Tom Yarbrough
|
0-0: Ball 1-0: Ball 2-0: Fly out, F9 (Flyball, 9M)
|
Batting: RHB Luis Peña
|
0-0: Ball 1-0: Ball 2-0: Called Strike 2-1: Ball 3-1: Foul Ball, location: 2F 3-2: Foul Ball, location: 2F 3-2: Foul Ball, location: 2F 3-2: Base on Balls
|
Batting: RHB Mike Wilcox
|
0-0: Called Strike 0-1: Foul Ball, location: 2F 0-2: Foul Ball, location: 2F 0-2: Foul Ball, location: 2F 0-2: Ball 1-2: Fly out, F7 (Flyball, 7S)
|
Batting: RHB Dan Wyatt
|
0-0: Ball 1-0: Ball Luis Peña steals 2nd base 2-0: Ground out 5-3 (Groundball, 5)
|
Top of the 6th over - 0 run(s), 0 hit(s), 0 error(s), 1 left on base; Calgary 7 - Santa Monica 9 |
BOTTOM OF THE 6TH |
Santa Monica Bruins batting - Pitching for Calgary Cowboys : RHP Nick Ruby
|
Batting: RHB Mark Hosley
|
0-0: Called Strike 0-1: Ball 1-1: Called Strike 1-2: Ball 2-2: Fly out, F8 (Flyball, 8LS)
|
Batting: RHB Javier Deleón
|
0-0: Ball 1-0: Ball 2-0: Ball 3-0: Called Strike 3-1: Base on Balls
|
Pitching: RHP Tim Flynn
|
|
Batting: LHB Ken Poche
|
0-0: Called Strike 0-1: Called Strike 0-2: Ball 1-2: Strikes out swinging
|
Batting: RHB Salvador Salas
|
0-0: Called Strike 0-1: SINGLE (Line Drive, 56) Javier Deleón to second
|
Batting: RHB Pablo Peña
|
0-0: Ball 1-0: Called Strike 1-1: Ball 2-1: Ball 3-1: Base on Balls Javier Deleón to third Salvador Salas to second
|
Batting: RHB Jorge Gutiérrez
|
0-0: Fly out, F9 (Flyball, 89D)
|
Bottom of the 6th over - 0 run(s), 1 hit(s), 0 error(s), 3 left on base; Calgary 7 - Santa Monica 9 |
TOP OF THE 7TH |
Calgary Cowboys batting - Pitching for Santa Monica Bruins : LHP Yasuyuki Ishii
|
Pitching: RHP Javier Correa
|
|
Batting: RHB Ramón Martínez
|
0-0: Swinging Strike 0-1: Ground out 4-3 (Groundball, 34)
|
Batting: RHB Cristián Peña
|
0-0: Ball 1-0: Swinging Strike 1-1: Foul Ball, location: 2F 1-2: Foul Ball, location: 2F 1-2: Ball 2-2: Ball 3-2: Fly out, F2 (Popup, 25F)
|
Batting: RHB Mario Sánchez
|
0-0: Called Strike 0-1: Ball 1-1: DOUBLE (Line Drive, 89D)
|
Batting: LHB Freddy Herrera
|
0-0: Ball 1-0: SINGLE (Line Drive, 34) Mario Sánchez to third Runner from 3rd tries for Home, SAFE, no throw or cutoff
|
Batting: RHB Jesús Hernández
|
0-0: Called Strike 0-1: Foul Ball, location: 2F 0-2: Ball 1-2: 2-RUN HOME RUN (Line Drive, 78XD), Distance : 416 ft
|
Batting: RHB Tom Yarbrough
|
0-0: Called Strike 0-1: Ground out 6-3 (Groundball, 6)
|
Top of the 7th over - 3 run(s), 3 hit(s), 0 error(s), 0 left on base; Calgary 10 - Santa Monica 9 |
BOTTOM OF THE 7TH |
Santa Monica Bruins batting - Pitching for Calgary Cowboys : RHP Tim Flynn
|
Batting: RHB Armando Méndez
|
0-0: Swinging Strike 0-1: Called Strike 0-2: Ball 1-2: Strikes out swinging
|
Batting: RHB Don Keating
|
0-0: Called Strike 0-1: Called Strike 0-2: Ball 1-2: SINGLE (Line Drive, 34D)
|
Pinch Hitting: RHB Motoshige Yagi
|
0-0: Ball Don Keating is caught stealing 2nd base 1-0: SINGLE (Groundball, 56S)
|
Batting: RHB Mark Hosley
|
0-0: Called Strike 0-1: Ground out 1-3 (Groundball, 13S)
|
Bottom of the 7th over - 0 run(s), 2 hit(s), 0 error(s), 1 left on base; Calgary 10 - Santa Monica 9 |
TOP OF THE 8TH |
Calgary Cowboys batting - Pitching for Santa Monica Bruins : RHP Javier Correa
|
Pitching: RHP Michael Carr
|
|
Now in RF: Motoshige Yagi
|
|
Batting: RHB Luis Peña
|
0-0: Swinging Strike 0-1: Ball 1-1: SINGLE (Flyball, 8LS)
|
Batting: RHB Mike Wilcox
|
0-0: Ball Luis Peña steals 2nd base 1-0: Swinging Strike 1-1: Foul Ball, location: 2F 1-2: Strikes out swinging
|
Batting: RHB Dan Wyatt
|
0-0: Intentional Walk
|
Batting: RHB Ramón Martínez
|
0-0: Called Strike 0-1: Ball 1-1: Ball 2-1: Swinging Strike 2-2: Strikes out swinging
|
Batting: RHB Cristián Peña
|
0-0: Fly out, F8 (Line Drive, 8LD)
|
Top of the 8th over - 0 run(s), 1 hit(s), 0 error(s), 2 left on base; Calgary 10 - Santa Monica 9 |
BOTTOM OF THE 8TH |
Santa Monica Bruins batting - Pitching for Calgary Cowboys : RHP Tim Flynn
|
Pitching: LHP Alfredo Durán
|
|
Batting: RHB Javier Deleón
|
0-0: Ball 1-0: Called Strike 1-1: Foul Ball, location: 2F 1-2: Fly out, F3 (Popup, 3SF)
|
Batting: LHB Ken Poche
|
0-0: Called Strike 0-1: Called Strike 0-2: Ball 1-2: Ground out 4-3 (Groundball, 4S)
|
Pitching: RHP Mitsunari Jouda
|
|
Batting: RHB Salvador Salas
|
0-0: Ball 1-0: Foul Ball, location: 2F 1-1: Ground out 6-3 (Groundball, 6M)
|
Bottom of the 8th over - 0 run(s), 0 hit(s), 0 error(s), 0 left on base; Calgary 10 - Santa Monica 9 |
TOP OF THE 9TH |
Calgary Cowboys batting - Pitching for Santa Monica Bruins : RHP Michael Carr
|
Pitching: RHP Ricardo Sánchez
|
|
Batting: RHB Mario Sánchez
|
0-0: Foul Ball, location: 2F 0-1: Ball 1-1: Foul Ball, location: 2F 1-2: Strikes out swinging
|
Batting: LHB Freddy Herrera
|
0-0: Ball 1-0: Swinging Strike 1-1: Ball 2-1: Ball 3-1: Ground out 4-3 (Groundball, 34)
|
Batting: RHB Jesús Hernández
|
0-0: Swinging Strike 0-1: Called Strike 0-2: Foul Ball, location: 2F 0-2: Ball 1-2: Strikes out swinging
|
Top of the 9th over - 0 run(s), 0 hit(s), 0 error(s), 0 left on base; Calgary 10 - Santa Monica 9 |
BOTTOM OF THE 9TH |
Santa Monica Bruins batting - Pitching for Calgary Cowboys : RHP Mitsunari Jouda
|
Pitching: RHP Tatsuzo Harada
|
|
Batting: RHB Pablo Peña
|
0-0: Foul Ball, location: 2F 0-1: Ball 1-1: Foul Ball, location: 2F 1-2: Ball 2-2: Foul Ball, location: 2F 2-2: Ball 3-2: Base on Balls
|
Batting: RHB Jorge Gutiérrez
|
0-0: Sac Bunt - play at first, batter OUT! 1-4 Pablo Peña to second
|
Pinch Hitting: LHB Greg Schultz
|
0-0: Called Strike 0-1: Ball 1-1: Ball 2-1: Ball 3-1: Foul Ball, location: 2F 3-2: Foul Ball, location: 2F 3-2: Foul Ball, location: 2F 3-2: Strikes out swinging
|
Batting: RHB Don Keating
|
0-0: Ball 1-0: Ball 2-0: Foul Ball, location: 2F 2-1: Ball 3-1: Base on Balls
|
Batting: RHB Motoshige Yagi
|
0-0: Called Strike 0-1: Ball 1-1: Ball 2-1: Ball 3-1: Base on Balls Pablo Peña to third Don Keating to second
|
Batting: RHB Mark Hosley
|
0-0: Fly out, F9 (Flyball, 9LM)
|
Bottom of the 9th over - 0 run(s), 0 hit(s), 0 error(s), 3 left on base; Calgary 10 - Santa Monica 9 |
|